AoeStats
← SaW

Arena

504052905Analyzed
1v1 RM · 27d ago on Sep 3, 2026· 60m 28s· 2 players
Game mode
Random Map
Map size
Tiny (2 player)
Population
200
Speed
Normal
Resources
Standard
Victory
Conquest
Starting age
Dark Age
Ending age
Imperial Age
RankedLock teamsTeams togetherTeam positionsShared explorationLock speedFull tech treeHidden civsTurbo modeCheats
Victory
Defeat
🇩🇪 Khmer · Germany
1506
+19
🇵🇹 Maya · Portugal
1564
-19
Sternburg Export
6:08 Loom
8:23 Feudal Age
9:09 Double-Bit Axe
18:47 Castle Age
16:50 Horse Collar
17:09 Stone Mining
21:31 Bow Saw
27:18 Imperial Age
26:43 Devotion
34:48 Conscription
40:42 Bloodlines
40:40 Scale Barding Armor
40:38 Light Cavalry
43:13 Chain Barding Armor
42:46 Cavalier
45:09 Scale Mail Armor
45:20 Husbandry
45:30 Fletching
45:04 Man-at-Arms
45:56 Arson
45:41 Long Swordsman
46:29 Two-Handed Swordsman
48:48 Chain Mail Armor
49:25 Forging
51:00 Iron Casting
54:03 Plate Barding Armor
54:27 Fletching
55:09 Padded Archer Armor
54:53 Elite Skirmisher
57:20 Chemistry
57:11 Bodkin Arrow
58:14 Leather Archer Armor
59:12 Ballistics
59:07 Bracer
60:39 Ring Archer Armor
61:11 Masonry
SaW
0:26 Loom
10:50 Feudal Age
12:46 Fletching
21:09 Castle Age
21:15 Double-Bit Axe
21:13 Horse Collar
22:26 Bodkin Arrow
38:10 Imperial Age
36:44 Eagle Warrior
37:52 Scale Mail Armor
39:42 Chain Mail Armor
41:46 Plate Mail Armor
42:45 Elite Eagle Warrior
43:57 Pikeman
45:47 Forging
46:53 Halberdier
48:47 Squires
49:58 Iron Casting
51:40 Bracer
51:27 Crossbowman
52:50 Arbalester
55:46 Ballistics
54:57 Capped Ram
Connection lost

Rejoining the realm…

Still unreachable

The connection could not be restored.

Session expired

The server has moved on; the page needs a fresh start.